 Dungeon Sprint DCSS version 0.29.1-12-g30fa7ad0bf (webtiles) character file.

Game seed: 12920008631849023359

20225 Groucho the Earth Mage (level 12, -18/56 HPs)
             Began as a Spriggan Earth Elementalist on Jan 4, 2023.
             Was the Champion of Vehumet.
             Demolished by a ghoul (24 damage)
             ... in the Dungeon (Sprint VII: "The Pits").
             The game lasted 00:28:40 (10784 turns).

Groucho the Earth Mage (SpEE)                      Turns: 10784, Time: 00:28:40

Health: -18/56     AC:  2    Str: 10    XL:     12   Next: 43%
Magic:  2/32       EV: 31    Int: 25    God:    Vehumet [******]
Gold:   46         SH:  0    Dex: 20    Spells: 14/42 levels left

rFire   . . .      SeeInvis +   u - +9 rapier of Okawaru's Envy {speed, Int+4 Dex+4}
rCold   . . .      Faith    .   (no shield)
rNeg    . . .      Spirit   .   a - +0 robe
rPois   .          Reflect  .   (helmet restricted)
rElec   .          Harm     .   (no cloak)
rCorr   .          Rampage  .   (gloves unavailable)
Will    ++...      NoTele   +   (boots unavailable)
Stlth   +++.......              (no amulet)
HPRegen 0.18/turn               h - +3 ring of strength
MPRegen 0.23/turn               n - +3 ring of strength

@: very quick
A: very small, no large weapons, unfitting armour, see invisible, speed 3
a: Renounce Religion


You were in the Dungeon.
You worshipped Vehumet.
Vehumet was exalted by your worship.
You visited 1 branch You collected 46 gold pieces.

Inventory:

Hand Weapons
 m - a +1 quarterstaff of speed
 u - the +9 rapier of Okawaru's Envy (weapon) {speed, Int+4 Dex+4}
   (You found it in the Dungeon)

   Attacks with this weapon are significantly faster.
   Int:       It affects your intelligence (+4).
   Dex:       It affects your dexterity (+4).
Missiles
 l - 16 stones
Armour
 a - a +0 robe (worn)
Jewellery
 h - a +3 ring of strength (left hand)
 n - a +3 ring of strength (right hand)
 p - a ring of fire
 r - a ring of willpower
Scrolls
 g - 3 scrolls of blinking
 j - 5 scrolls of amnesia
 k - a scroll of summoning
 q - a scroll of poison
 s - 4 scrolls of identify
 t - 5 scrolls of enchant weapon
 v - a scroll of fear
 w - 2 scrolls of enchant armour
Potions
 b - 3 potions of magic
 c - 7 potions of curing
 d - 13 potions of heal wounds
 e - 2 potions of haste
 f - 5 potions of berserk rage
 i - a potion of invisibility
 o - 4 potions of brilliance


   Skills:
 + Level 3.3 Fighting
 + Level 4.5 Short Blades
 - Level 15.9 Dodging
 - Level 3.0 Stealth
 + Level 15.5 Spellcasting
 * Level 13.1 Conjurations
 - Level 13.7 Transmutations
 - Level 4.5 Air Magic
 * Level 16.7 Earth Magic


You had 14 spell levels left.
You knew the following spells:

 Your Spells              Type           Power      Damage    Failure   Level
a - Sandblast             Erth           100%       2d20      0%          1
b - Stone Arrow           Conj/Erth      100%       3d13      0%          3
c - Petrify               Tmut/Erth      77%        N/A       1%          4
d - Magic Dart            Conj           100%       1d8       0%          1
e - Dazzling Flash        Conj/Hex       100%       N/A       1%          3
f - Maxwell's Capacitive  Air            21%        ∞         99%         8
g - Lehudib's Crystal Sp  Conj/Erth      38%        10d9      11%         8

Your spell library contained the following spells:

 Spells                   Type           Power      Damage    Failure   Level
 Fire Storm               Conj/Fire      25%        8d7       100%        9
 Polar Vortex             Ice            9%         N/A       100%        9
 Passwall                 Tmut/Erth      64%        N/A       0%          2


Dungeon Overview and Level Annotations

Branches:
Dungeon (1/1)

Altars:
Ashenzari
Cheibriados
Dithmenos
Elyvilon
Fedhas
Gozag
Hepliaklqana
Kikubaaqudgha
Makhleb
Nemelex Xobeh
Okawaru
Qazlal
Ru
Sif Muna
Trog
Uskayaw
Vehumet
Wu Jian
Xom
Yredelemnul
Zin
The Shining One
Jiyva
Lugonu


Innate Abilities, Weirdness & Mutations

You are very small and have problems with some larger weapons.
You are too small for most types of armour.
You have supernaturally acute eyesight. (SInv)
You cover ground extremely quickly. (Speed+++)


Message History

Casting: Sandblast (safe; 0% risk of failure)
Confirm with . or Enter, or press ? or * to list all spells.
Aiming: Sandblast (safe; 0% risk of failure)
Press: ? - help, Shift-Dir - straight line, f/p - ghoul
Aim: a ghoul (almost destroyed, 85% to hit)
The blast of sand hits the ghoul!
The ghoul is almost destroyed.
A ghoul comes into view.
The ghoul barely misses you. The ghoul completely misses you. x3
Unknown command.
Unknown command.
Unknown command.
Casting: Sandblast (safe; 0% risk of failure)
Confirm with . or Enter, or press ? or * to list all spells.
Aiming: Sandblast (safe; 0% risk of failure)
Press: ? - help, Shift-Dir - straight line, f/p - ghoul
Aim: a ghoul (almost destroyed, 85% to hit)
The blast of sand hits the ghoul.
The ghoul is almost destroyed.
The ghoul closely misses you. The ghoul claws you!
Unknown command.
Unknown command.
Casting: Sandblast (safe; 0% risk of failure)
Confirm with . or Enter, or press ? or * to list all spells.
Aiming: Sandblast (safe; 0% risk of failure)
Press: ? - help, Shift-Dir - straight line, f/p - ghoul
Aim: a ghoul (almost destroyed, 85% to hit)
The blast of sand hits the ghoul but does no damage.
The ghoul is almost destroyed.
The ghoul completely misses you. The ghoul claws you!!
The ghoul completely misses you. The ghoul claws you!!
* * * LOW HITPOINT WARNING * * *
A bog body comes into view.
The ghoul completely misses you. The ghoul barely misses you.
The ghoul completely misses you. The ghoul misses you.
The ghoul completely misses you. The ghoul misses you.
Things that are here:
a +2 long sword of protection; a +0 chain mail; an orc corpse The ghoul barely misses you.
The ghoul claws you!!
You die...

#)#........##.......
#'###########.......
#.......#..#########
#...#...#.##########
#n..#...#)#÷.÷.#..[[
#.##.##.#)#....#..[[
#)n.#...#.'....'..))
#.n.#...#'#....#..))
#..@....'.#....#..))
####################


You could see 3 ghouls.

Vanquished Creatures
  A nagaraja (D)
  An orc warlord (D)
  A ghost moth (D)
  A ghoul (D)
  A hydra (D)
  6 death yaks (D)
  A naga sharpshooter (D)
  A flayed ghost (D)
  A bog body (D)
  A swamp dragon (D)
  4 orc knights (D)
  An orc sorcerer (D)
  An elephant (D)
  2 rust devils (D)
  A naga mage (D)
  A smoke demon (D)
  A kobold demonologist (D)
  A demonic crawler (D)
  An ice devil (D)
  An unseen horror (D)
  2 rime drakes (D)
  A merfolk (D)
  A guardian mummy (D)
  3 freezing wraiths (D)
  A tyrant leech (D)
  A tarantella (D)
  A hornet (D)
  A blink frog (D)
  A water elemental (D)
  A spriggan (D)
  4 vampire mosquitoes (D)
  A redback (D)
  2 wargs (D)
  2 nagas (D)
  2 acid dragons (D)
  3 floating eyes (D)
  An ice beast (D)
  An orc warrior (D)
  9 wolves (D)
  An ogre (D)
  A centaur (D)
  A phantom (D)
  A kobold brigand (D)
  3 wights (D)
  A crimson imp (D)
  A quasit (D)
  An orc priest (D)
  An iron imp (D)
  An iguana (D)
  An orc wizard (D)
  A mummy (D)
  3 gnolls (D)
  A white imp (D)
  An adder zombie (D)
  An adder skeleton (D)
  11 orcs (D)
  An endoplasm (D)
  2 goblins (D)
  8 jackals (D)
  A quokka (D)
  A ball python (D)
  A bat (D)
  7 kobolds (D)
119 creatures vanquished.

Vanquished Creatures (others)
  A deep elf pyromancer (D)
1 creature vanquished.

Grand Total: 120 creatures vanquished

Notes
Turn   | Place    | Note
-------+----------+-------------------------------------------
     0 | D        | Groucho the Spriggan Earth Elementalist began the quest for
                  | the Orb.
     0 | D        | Reached XP level 1. HP: 9/9 MP: 5/5
     8 | D        | Noticed a floating eye
    13 | D        | Killed a floating eye
    14 | D        | Reached skill level 5 in Spellcasting
    14 | D        | Reached skill level 6 in Earth Magic
    14 | D        | Reached XP level 2. HP: 13/13 MP: 2/9
    14 | D        | Reached XP level 3. HP: 16/16 MP: 2/11
    14 | D        | Reached XP level 4. HP: 21/21 MP: 2/12
   512 | D        | Found a bloodstained altar of Trog.
   512 | D        | Found a shimmering blue altar of Sif Muna.
   512 | D        | Found a viscous altar of Jiyva.
   512 | D        | Found a hazy altar of Hepliaklqana.
   512 | D        | Found an opulent altar of Gozag.
   513 | D        | Found a glowing golden altar of the Shining One.
   513 | D        | Found a glowing silver altar of Zin.
   513 | D        | Found a basalt altar of Yredelemnul.
   513 | D        | Found a shimmering altar of Xom.
   513 | D        | Found an ornate altar of the Wu Jian Council.
   513 | D        | Found a sacrificial altar of Ru.
   513 | D        | Found a stormy altar of Qazlal.
   513 | D        | Found an iron altar of Okawaru.
   513 | D        | Found a sparkling altar of Nemelex Xobeh.
   513 | D        | Found a burning altar of Makhleb.
   513 | D        | Found a blossoming altar of Fedhas.
   513 | D        | Found a white marble altar of Elyvilon.
   513 | D        | Found a shadowy altar of Dithmenos.
   513 | D        | Found a snail-covered altar of Cheibriados.
   515 | D        | Found a radiant altar of Vehumet.
   515 | D        | Found a corrupted altar of Lugonu.
   516 | D        | Found a hide-covered altar of Uskayaw.
   516 | D        | Found an ancient bone altar of Kikubaaqudgha.
   516 | D        | Found a broken altar of Ashenzari.
   523 | D        | Became a worshipper of Vehumet
   845 | D        | Learned a level 3 spell: Stone Arrow
   858 | D        | Reached * piety under Vehumet
   858 | D        | Offered knowledge of Foxfire by Vehumet.
  1056 | D        | Reached ** piety under Vehumet
  1056 | D        | Offered knowledge of Magic Dart by Vehumet.
  1058 | D        | Reached skill level 1 in Conjurations
  1063 | D        | Reached skill level 7 in Earth Magic
  1063 | D        | Reached XP level 5. HP: 13/24 MP: 9/15
  1299 | D        | Learned a level 4 spell: Petrify
  1301 | D        | Learned a level 1 spell: Magic Dart
  1360 | D        | Noticed a centaur
  1361 | D        | Noticed an ogre
  1361 | D        | Noticed an ice beast
  1361 | D        | Noticed a floating eye
  1372 | D        | Offered knowledge of Mephitic Cloud by Vehumet.
  1380 | D        | HP: 1/24 [centaur/arrow (10)]
  1385 | D        | Killed a centaur
  1388 | D        | Reached *** piety under Vehumet
  1400 | D        | Killed an ogre
  1401 | D        | Reached skill level 8 in Earth Magic
  1401 | D        | Reached XP level 6. HP: 22/28 MP: 6/17
  1630 | D        | Killed an ice beast
  1630 | D        | Offered knowledge of Dazzling Flash by Vehumet.
  1630 | D        | Reached **** piety under Vehumet
  1631 | D        | Reached skill level 5 in Conjurations
  1631 | D        | Reached skill level 9 in Earth Magic
  1631 | D        | Reached XP level 7. HP: 32/32 MP: 14/19
  1813 | D        | Learned a level 3 spell: Dazzling Flash
  1821 | D        | Offered knowledge of Sticky Flame by Vehumet.
  1904 | D        | Noticed a blink frog
  1907 | D        | Killed a blink frog
  2177 | D        | Reached ***** piety under Vehumet
  2177 | D        | Offered knowledge of Irradiate by Vehumet.
  2178 | D        | Reached skill level 10 in Dodging
  2178 | D        | Reached skill level 10 in Earth Magic
  2581 | D        | Noticed a demonic crawler
  2588 | D        | Noticed a deep elf pyromancer
  2613 | D        | Killed a demonic crawler
  2613 | D        | Offered knowledge of Eringya's Noxious Bog by Vehumet.
  2613 | D        | Noticed a fire elemental
  2613 | D        | Noticed a fire elemental
  2614 | D        | Reached XP level 8. HP: 36/36 MP: 20/22
  2616 | D        | Killed a deep elf pyromancer
  3133 | D        | Reached skill level 5 in Transmutations
  3174 | D        | Noticed an ice devil
  3186 | D        | Killed an ice devil
  3187 | D        | Reached skill level 10 in Spellcasting
  3187 | D        | Reached skill level 11 in Earth Magic
  3499 | D        | Noticed a merfolk
  3500 | D        | Noticed a freezing wraith
  3522 | D        | Offered knowledge of Spellforged Servitor by Vehumet.
  3777 | D        | Killed a merfolk
  3778 | D        | Reached XP level 9. HP: 39/39 MP: 14/24
  3808 | D        | Killed a freezing wraith
  4112 | D        | Noticed a rust devil
  4132 | D        | Offered knowledge of Iskenderun's Battlesphere by Vehumet.
  4201 | D        | Killed a rust devil
  4202 | D        | Reached skill level 12 in Earth Magic
  4313 | D        | Noticed a tyrant leech
  4322 | D        | Killed a tyrant leech
  4404 | D        | Noticed a rime drake
  4408 | D        | Killed a rime drake
  4703 | D        | Noticed a death yak
  4703 | D        | Noticed a four-headed hydra
  4704 | D        | Noticed a death yak
  4705 | D        | Noticed a death yak
  4706 | D        | Noticed a nagaraja
  4707 | D        | Killed a death yak
  4707 | D        | Noticed a death yak
  4708 | D        | Noticed a death yak
  4709 | D        | Reached XP level 10. HP: 44/44 MP: 17/26
  4710 | D        | Noticed a death yak
  4720 | D        | Killed a four-headed hydra
  4720 | D        | Offered knowledge of Yara's Violent Unravelling by Vehumet.
  4721 | D        | Reached skill level 13 in Earth Magic
  4978 | D        | Killed a nagaraja
  4979 | D        | Reached skill level 10 in Conjurations
  5225 | D        | Reached skill level 10 in Transmutations
  5333 | D        | Killed a death yak
  5334 | D        | Killed a death yak
  5344 | D        | Killed a death yak
  5345 | D        | Reached skill level 14 in Earth Magic
  5522 | D        | Killed a death yak
  5522 | D        | Reached ****** piety under Vehumet
  5523 | D        | Reached XP level 11. HP: 47/47 MP: 16/29
  5539 | D        | Killed a death yak
  5539 | D        | Offered knowledge of Conjure Ball Lightning by Vehumet.
  5943 | D        | Noticed a flayed ghost
  6255 | D        | Killed a flayed ghost
  6364 | D        | Offered knowledge of Maxwell's Capacitive Coupling by
                  | Vehumet.
  6422 | D        | Learned a level 8 spell: Maxwell's Capacitive Coupling
  6454 | D        | Offered knowledge of Lehudib's Crystal Spear by Vehumet.
  6454 | D        | Offered knowledge of Fire Storm by Vehumet.
  6454 | D        | Offered knowledge of Polar Vortex by Vehumet.
  6462 | D        | Reached skill level 15 in Earth Magic
  6560 | D        | Learned a level 8 spell: Lehudib's Crystal Spear
  6570 | D        | Reached skill level 15 in Dodging
  6582 | D        | Reached skill level 1 in Air Magic
  7051 | D        | Noticed a bog body
  7056 | D        | Killed a bog body
  7143 | D        | Got the +9 rapier of Okawaru's Envy {speed, Int+4 Dex+4}
  7961 | D        | Noticed a swamp dragon
  7970 | D        | Killed a swamp dragon
  7971 | D        | HP: 2/47 [poison (poison gas)]
  8238 | D        | Noticed a naga sharpshooter
  8249 | D        | Killed a naga sharpshooter
  9123 | D        | Noticed a spriggan rider
  9381 | D        | Noticed a ghost moth
  9418 | D        | Reached skill level 1 in Short Blades
  9422 | D        | Killed a ghost moth
  9423 | D        | Reached skill level 1 in Fighting
  9423 | D        | Reached skill level 16 in Earth Magic
  9423 | D        | Reached XP level 12. HP: 31/53 MP: 13/31
 10008 | D        | Reached skill level 15 in Spellcasting
 10023 | D        | Noticed an orc warlord
 10097 | D        | Killed an orc warlord
 10689 | D        | Noticed a ghoul
 10690 | D        | Noticed a ghoul
 10691 | D        | Noticed a ghoul
 10708 | D        | Killed a ghoul
 10776 | D        | Noticed a ghoul
 10784 | D        | Demolished by a ghoul

Illustrated notes

Levels and vault maps discovered:
D:        pitsprint [storerooms_1, entrance_room_1, metal_vault_2, armoury_1,
          mini_pit_1, grid_room_1, main_hall_1, silver_pit, the_coven_1,
          the_vestibule_1, steel_vault_4, golden_pit, hallway_of_sentries,
          crystal_vault_2, iron_vault_4, final_vault]

Skill      XL: |  1  2  3  4  5  6  7  8  9 10 11 12 |
---------------+-------------------------------------+-----
Dodging        | 6 7 8 9 10 11 12 14 15 | 15.9
Spellcasting   | 5 6 7 8 9 10 11 13 14 15 | 15.5
Earth Magic    | 6 7 8 9 10 11 12 14 16 | 16.7
Conjurations   | 1 4 5 6 7 9 10 12 13 | 13.1
Transmutations | 4 6 8 11 13 | 13.7
Air Magic      | 3 4 |  4.5
Short Blades   | 1 4 |  4.5
Fighting       | 1 3 |  3.3
Stealth        | |  3.0

Action                   |  1- 3 |  4- 6 |  7- 9 | 10-12 || total
-------------------------+-------+-------+-------+-------++-------
Melee: Rapier            |       |       |       |    24 ||    24
 Cast: Sandblast         |     3 |    21 |    27 |    81 ||   132
       Stone Arrow       |       |     8 |    52 |   163 ||   223
       Magic Dart        |       |     1 |       |       ||     1
       Dazzling Flash    |       |       |       |     2 ||     2
  Use: Potion            |       |     2 |     2 |    12 ||    16
 Stab: Invisible         |       |       |       |     5 ||     5
Armor: Robe              |       |     2 |       |     4 ||     6
Dodge: Dodged            |       |    28 |    41 |   147 ||   216
